Construct Infanterie Kompanie
Selects Mechanized Battlegroup
Construct Panzergrenadier Kompanie
Pak 40 Anti-tank Gun Team
Selects Wespe Self-propelled Artillery
Wespe Self-propelled Artillery
Panzergrenadier Officer Quarters
Wespe Self-propelled Artillery
Construct Panzer Kompanie
Selects Zeroing Artillery Barrage
Wespe Self-propelled Artillery
Zeroing Artillery Barrage
Selects 8 Rad Armored Car
Selects UNKNOWN (2160084)
Zeroing Artillery Barrage